 Dungeon Crawl Stone Soup version 0.30-a0-137-gd8773701ce (webtiles) character file.

Game seed: 7151347785865242973

39 tbh1313 the Chopper (level 3, -5/46 HPs)
             Began as a Minotaur Berserker on Sept 21, 2022.
             Was a Follower of Trog.
             Slain by a gnoll
             ... wielding a +0 halberd
              (8 damage)
             ... on level 3 of the Dungeon.
             The game lasted 00:03:41 (1755 turns).

tbh1313 the Chopper (Minotaur Berserker)            Turns: 1755, Time: 00:03:42

Health: -5/46      AC:  6    Str: 21    XL:     3   Next: 28%
Magic:  2/2        EV:  6    Int:  6    God:    Trog [*.....]
Gold:   81         SH:  0    Dex: 15    Spells: 2/2 levels left

rFire   . . .      SeeInvis .    a - +0 hand axe
rCold   . . .      Faith    .    (no shield)
rNeg    . . .      Spirit   .    f - +0 ring mail
rPois   .          Reflect  .    (helmet restricted)
rElec   .          Harm     .    (no cloak)
rCorr   .          Rampage  .    c - +0 pair of gloves
Will    .....                    (no boots)
Stlth   ..........               (no amulet)
HPRegen 0.15/turn                o - +6 ring of dexterity
MPRegen 0.08/turn                (no ring)

@: berserking, held, very quick
A: horns 2, retaliatory headbutt
a: Renounce Religion, Berserk


You were on level 3 of the Dungeon.
You worshipped Trog.
Trog was aware of your devotion.
You visited 1 branch of the dungeon, and saw 3 of its levels.

You collected 81 gold pieces.

Inventory:

Hand Weapons
 a - a +0 hand axe (weapon)
Armour
 c - a +0 pair of gloves (worn)
 f - a +0 ring mail (worn)
Jewellery
 o - a +6 ring of dexterity (left hand)
Scrolls
 b - 2 scrolls of blinking {unknown}
 d - 2 scrolls of magic mapping {unknown}
 e - a scroll of teleportation {unknown}
 k - a scroll of vulnerability {unknown}
 l - 3 scrolls of amnesia {unknown}
 m - a scroll of immolation {unknown}
 q - a scroll of enchant weapon {unknown}
Potions
 g - a potion of mutation {unknown}
 h - 2 potions of flight {unknown}
 i - a potion of haste {unknown}
 j - 3 potions of heal wounds {unknown}
 n - a potion of magic {unknown}
 p - a potion of lignification {unknown}


   Skills:
 - Level 3.6 Fighting
 + Level 5.3 Axes
 - Level 2.4 Armour
 - Level 2.1 Dodging


You had 2 spell levels left.
You didn't know any spells.
Your spell library was empty.

Dungeon Overview and Level Annotations

Branches:
Dungeon (3/15)

Altars:
Elyvilon

Shops:
D:1 [(


Innate Abilities, Weirdness & Mutations

You have a pair of horns on your head.
You reflexively headbutt those who attack you in melee.


Message History

No target in view!
You feel agile.
o - a +6 ring of dexterity (left hand) Nothing quivered!
q - a scroll labelled YHILIXZ ESAMM
Found a rapier.
Found a sling.
You see here a +0 rapier.
Found a leather armour.
You can no longer call upon Trog for regeneration and willpower.
You see here a +0 sling.
Found a mace.
You open the door.
An endoplasm and 3 gnolls come into view.
A gnoll is wielding a +1 halberd of distortion.
The endoplasm quivers.
The gnoll shouts! x2; You hear a shout!
A gnoll comes into view. It is wielding a +0 halberd.
Found 5 stones.
The gnoll hits you with a +0 whip.
The gnoll throws a throwing net.
The throwing net hits you.
You become entangled in the net!
The gnoll barely misses you.
There is an open door here.
You see here a throwing net.
A red film seems to cover your vision as you go berserk!
You feel yourself moving faster!
You feel mighty! The gnoll hits you with a +0 whip.
The gnoll hits you from afar with a +0 halberd!
The gnoll hits you from afar with a +1 halberd of distortion!
Space warps around you. The endoplasm freezes you.
You are frozen.
You tear a large gash into the net.
You feel a strong urge to attack something.
The gnoll hits you with a +0 club.
* * * LOW HITPOINT WARNING * * *
The gnoll hits you with a +0 whip.
* * * LOW HITPOINT WARNING * * *
The gnoll hits you from afar with a +0 halberd!
You die...

####### ...(.g.
#...gg#################
#....g@................
#.#..J################.
#... #. #### #. #. #.
#. #. ##


You could see 4 gnolls and an endoplasm.

Levels and vault maps discovered:
D:1:      lightli_molten_gateway, layout_rooms, shapermc_ecumenical_altar_petra,
          serial_shops, shop, nicolae_lakefront_shop, shop
D:2:      layout_loops_cross, basic_altar, dk_vineyard_2
D:3:      layout_basic

Notes
Turn   | Place    | Note
-------+----------+-------------------------------------------
     0 | D:1      | tbh1313 the Minotaur Berserker began the quest for the Orb.
     0 | D:1      | Reached XP level 1. HP: 19/19 MP: 0/0
    62 | D:1      | Found Cuhaech's Antique Weapon Boutique.
    68 | D:1      | Reached skill level 4 in Axes
    78 | D:1      | Reached XP level 2. HP: 20/26 MP: 1/1
   408 | D:1      | Found a faded altar of an unknown god.
   466 | D:1      | Found Jischin's Antique Weapon Shoppe.
   648 | D:1      | Found Puefiq's Antique Armour Boutique.
   737 | D:2      | Found a white marble altar of Elyvilon.
   751 | D:2      | Reached skill level 5 in Axes
   946 | D:2      | Reached XP level 3. HP: 27/31 MP: 2/2
  1471 | D:3      | Reached ** piety under Trog
  1755 | D:3      | HP: 3/46 [gnoll/+0 whip (5)]
  1755 | D:3      | Slain by a gnoll

Table legend: (Time is in decaauts)
 A = Elapsed time spent in this place.
 B = Non-inter-level travel time spent in this place.
 C = Inter-level travel time spent in this place.
 D = Time resting spent in this place.
 E = Time spent auto-exploring this place.
 F = Levels seen in this place.
 G = Mean time per level.
                   A        B        C        D        E       F      G
               +--------+--------+--------+--------+--------+-----+--------+
         Total |   1759 |   1712 |     47 |    177 |   1314 |   3 |  586.3 |
       Dungeon |   1759 |   1712 |     47 |    177 |   1314 |   3 |  586.3 |
               +--------+--------+--------+--------+--------+-----+--------+

Top non-repeatable levels by time:
     D:2: 744 daAuts
     D:1: 685 daAuts
     D:3: 329 daAuts

Table legend:
 A = Kills in this place as a percentage of kills in entire the game.
 B = Kills by you in this place as a percentage of kills by you in the entire game.
 C = Kills by friends in this place as a percentage of kills by friends in the entire game.
 D = Other kills in this place as a percentage of other kills in the entire game.
 E = Experience gained in this place as a percentage of experience gained in the entire game.
 F = Experience gained in this place divided by the number of levels of this place that you have seen.
                   A       B       C       D       E      F
               +-------+-------+-------+-------+-------+----------------------
         Total | 100.0 | 100.0 |   N/A |   N/A | 100.0 |  19.0
       Dungeon | 100.0 | 100.0 |   N/A |   N/A | 100.0 |  19.0
               +-------+-------+-------+-------+-------+----------------------

Action                   || total
-------------------------++-------
Melee: Hand axe          ||    76
       Headbutt          ||     4
       Punch             ||     2
Invok: Berserk           ||     1
Armor: Animal skin       ||     2
       Ring mail         ||    23
Dodge: Dodged            ||    40

Vanquished Creatures
  A dart slug (D:3)
  4 ball pythons
  5 endoplasms
  A giant cockroach (D:1)
  4 goblins
  A hobgoblin (D:1)
  5 kobolds
  2 quokkas
  5 bats
  4 frilled lizards
  A rat (D:1)
33 creatures vanquished.
